 Dungeon Crawl Stone Soup version 0.29.1-15-g9cfb28693d (webtiles) character file.

Game seed: 18223578668260684447

2258 Renzlar the Shield-Bearer (level 9, -15/72 (74) HPs)
             Began as a Gnoll Fighter on Mar 9, 2023.
             Was an Initiate of Okawaru.
             Demolished by a two-headed ogre
             ... wielding a +0 giant club
              (19 damage)
             ... on level 8 of the Dungeon.
             The game lasted 00:20:34 (6896 turns).

Renzlar the Shield-Bearer (Gnoll Fighter)           Turns: 6896, Time: 00:20:35

HP:   -15/72 (74)   AC: 10    Str: 19    XL:     9   Next: 38%
MP:   15/15         EV:  8    Int:  8    God:    Okawaru [......]
Gold: 377           SH:  6    Dex: 12    Spells: 16/16 levels left

rFire   . . .      SeeInvis .   a - +1 war axe
rCold   . . .      Faith    .   f - +0 buckler
rNeg    . . .      Spirit   .   r - +0 chain mail
rPois   .          Reflect  .   (no helmet)
rElec   .          Harm     .   (no cloak)
rCorr   .          Rampage  .   (no gloves)
Will    +....                   (no boots)
Stlth   ..........              (no amulet)
HPRegen 0.22/turn               k - ring of willpower
MPRegen 0.14/turn               m - +4 ring of slaying

@: mighty, lightly drained
A: fangs 1, strong nose, distributed training
a: Renounce Religion


You were on level 8 of the Dungeon.
You worshipped Okawaru.
Okawaru was noncommittal.
You visited 2 branches of the dungeon, and saw 9 of its levels.

You collected 377 gold pieces.

Inventory:

Hand Weapons
 a - a +1 war axe (weapon)
 c - a +0 sling
 d - a +2 scimitar
 e - a +5 mace
Missiles
 n - a throwing net
Armour
 b - a +0 scale mail
 f - a +0 buckler (worn)
 r - a +0 chain mail (worn)
Jewellery
 k - a ring of willpower (left hand)
 m - a +4 ring of slaying (right hand)
 q - a ring of willpower
Wands
 v - a wand of mindburst (12)
 y - a wand of flame (14)
Scrolls
 i - 7 scrolls of teleportation
 o - 2 scrolls of magic mapping
 z - a scroll of summoning
Potions
 g - 2 potions of haste
 h - 3 potions of magic
 j - a potion of invisibility
 l - 7 potions of curing
 p - a potion of flight {unknown}
 s - 2 potions of mutation
 t - 2 potions of might
 u - a potion of attraction {unknown}
 x - a potion of brilliance {unknown}


   Skills:
 + Level 7.9 Fighting
 + Level 4.3 Short Blades
 + Level 4.3 Long Blades
 + Level 6.4 Axes
 + Level 4.3 Maces & Flails
 + Level 4.3 Polearms
 + Level 4.3 Staves
 + Level 4.3 Ranged Weapons
 + Level 4.3 Throwing
 + Level 7.9 Armour
 + Level 4.3 Dodging
 + Level 4.3 Stealth
 + Level 7.9 Shields
 + Level 4.3 Unarmed Combat
 + Level 4.3 Spellcasting
 + Level 3.6 Conjurations
 + Level 3.6 Hexes
 + Level 3.6 Summonings
 + Level 3.6 Necromancy
 + Level 3.6 Translocations
 + Level 3.6 Transmutations
 + Level 3.6 Fire Magic
 + Level 3.6 Ice Magic
 + Level 3.6 Air Magic
 + Level 3.6 Earth Magic
 + Level 3.6 Poison Magic
 + Level 4.8 Invocations
 + Level 4.3 Evocations


You had 16 spell levels left.
You didn't know any spells.
Your spell library contained the following spells:

 Spells                   Type           Power      Damage    Failure   Level
 Frozen Ramparts          Ice            14%        1d3       91%         3
 Inner Flame              Hex/Fire       7%         N/A       91%         3
 Cause Fear               Hex            3%         N/A       100%        4
 Ice Form                 Ice/Tmut       7%         N/A       100%        4
 Orb of Destruction       Conj           3%         9d5       100%        7
 Discord                  Hex            3%         N/A       100%        8
 Summon Guardian Golem    Hex/Summ       Unusable   N/A       N/A         3
 Summon Ice Beast         Ice/Summ       Unusable   N/A       N/A         4
 Spellforged Servitor     Conj/Summ      Unusable   N/A       N/A         7

Dungeon Overview and Level Annotations

Branches:
Dungeon (8/15)             Temple (1/1) D:6
   Lair: D:8-11

Altars:
Dithmenos
Elyvilon
Gozag
Hepliaklqana
Makhleb
Okawaru
Sif Muna
Trog
Uskayaw
Yredelemnul
The Shining One


Innate Abilities, Weirdness & Mutations

You have very sharp teeth.
Your uncanny sense of smell can sniff out nearby items.
Your experience applies equally to all skills.


Message History

a - a +1 war axe (weapon)
You slash the orc!
You kill the orc!
Okawaru accepts your kill.
c - a +0 sling (weapon)
Things that are here:
a +0 hand axe; an orc corpse
Found a club.
You see here a +0 club.
There is an open door here.
An orc priest comes into view. It is wielding a +0 lajatang.
The orc priest shouts!
You shoot a sling bullet. The sling bullet hits the orc priest!
The orc priest is heavily wounded.
A two-headed ogre comes into view.
It is wielding a +0 giant club and a +0 great mace.
The orc priest begins to cast a cantrip, but forgets the words!
The two-headed ogre shouts in stereo!
Okay, then.
You feel very mighty all of a sudden.
Okay, then.
a - a +1 war axe (weapon)
You slash the two-headed ogre! You bite the two-headed ogre!
The two-headed ogre is moderately wounded.
The two-headed ogre closely misses you.
The two-headed ogre hits you with a +0 great mace!
The orc priest looks braver for a moment.
You slash the two-headed ogre!
The two-headed ogre is severely wounded.
The two-headed ogre hits you with a +0 giant club!
The two-headed ogre hits you with a +0 great mace!
You barely miss the two-headed ogre.
The two-headed ogre is severely wounded.
The two-headed ogre hits you with a +0 giant club!
The two-headed ogre hits you with a +0 great mace!!
* * * LOW HITPOINT WARNING * * *
Unknown command.
You slice the two-headed ogre!!
The two-headed ogre is almost dead.
The two-headed ogre hits you with a +0 giant club!!
You die...

... .^.
.. ..
###. #o.
#O#
#####@#
#.....#
#.....#
#.....#
#.....#
#.....##
∆#......#
#......#
#######
####...#


You could see a two-headed ogre and an orc priest.

Vanquished Creatures
  Pikel (D:5)
  A steam dragon (D:7)
  An ice beast (D:5)
  A black bear (D:7)
  3 ogres
  2 centaurs
  A necrophage (D:6)
  4 wights (D:7)
  5 hounds
  3 orc priests
  2 jellies (D:5)
  5 iguanas
  5 orc wizards
  11 adders
  A shadow imp (D:5)
  2 white imps
  2 worms (D:3)
  13 dart slugs
  15 orcs
  8 bats
  An endoplasm (D:1)
  4 giant cockroaches
  5 goblins (D:1)
  3 hobgoblins
  8 jackals
  A quokka (D:3)
  5 ball pythons
  2 frilled lizards (D:1)
  6 kobolds
  4 rats
125 creatures vanquished.

Vanquished Creatures (others)
  An orc (D:3)
1 creature vanquished.

Grand Total: 126 creatures vanquished

Notes
Turn   | Place    | Note
-------+----------+-------------------------------------------
     0 | D:1      | Renzlar the Gnoll Fighter began the quest for the Orb.
     0 | D:1      | Reached XP level 1. HP: 23/23 MP: 1/1
   120 | D:1      | Reached XP level 2. HP: 29/29 MP: 2/2
   502 | D:1      | Reached XP level 3. HP: 33/35 MP: 3/3
   647 | D:1      | Reached skill level 1 in Invocations
   951 | D:2      | Reached skill level 1 in Short Blades
   951 | D:2      | Reached skill level 1 in Long Blades
   951 | D:2      | Reached skill level 1 in Maces & Flails
   951 | D:2      | Reached skill level 1 in Polearms
   951 | D:2      | Reached skill level 1 in Staves
   951 | D:2      | Reached skill level 1 in Ranged Weapons
   951 | D:2      | Reached skill level 1 in Throwing
   951 | D:2      | Reached skill level 1 in Dodging
   951 | D:2      | Reached skill level 1 in Stealth
   951 | D:2      | Reached skill level 1 in Unarmed Combat
   951 | D:2      | Reached skill level 1 in Spellcasting
   951 | D:2      | Reached skill level 1 in Evocations
  1068 | D:2      | Identified the +2 leather armour "Zeskaita" {*Corrode *Slow
                  | rPois SInv}
  1221 | D:2      | Found a burning altar of Makhleb.
  1341 | D:2      | Reached XP level 4. HP: 41/41 MP: 5/5
  1597 | D:3      | Reached skill level 1 in Conjurations
  1597 | D:3      | Reached skill level 1 in Hexes
  1597 | D:3      | Reached skill level 1 in Summonings
  1597 | D:3      | Reached skill level 1 in Necromancy
  1597 | D:3      | Reached skill level 1 in Translocations
  1597 | D:3      | Reached skill level 1 in Transmutations
  1597 | D:3      | Reached skill level 1 in Fire Magic
  1597 | D:3      | Reached skill level 1 in Ice Magic
  1597 | D:3      | Reached skill level 1 in Air Magic
  1597 | D:3      | Reached skill level 1 in Earth Magic
  1597 | D:3      | Reached skill level 1 in Poison Magic
  1614 | D:3      | Found a faded altar of an unknown god.
  1990 | D:3      | Reached XP level 5. HP: 36/47 MP: 5/7
  2572 | D:4      | Found a shadowy altar of Dithmenos.
  2827 | D:5      | Entered Level 5 of the Dungeon
  2859 | D:5      | Noticed an ogre
  2878 | D:5      | Killed an ogre
  2879 | D:5      | Reached skill level 5 in Axes
  2879 | D:5      | Reached XP level 6. HP: 39/53 MP: 7/9
  2973 | D:5      | Found a white marble altar of Elyvilon.
  2974 | D:5      | Found a bloodstained altar of Trog.
  3042 | D:5      | Found a hide-covered altar of Uskayaw.
  3056 | D:5      | Noticed an ice beast
  3064 | D:5      | Killed an ice beast
  3065 | D:5      | Reached XP level 7. HP: 44/60 MP: 10/10
  3881 | D:5      | Reached XP level 8. HP: 65/67 MP: 12/12
  3904 | D:5      | Noticed Pikel
  3914 | D:5      | Killed Pikel
  4123 | D:5      | Found a hazy altar of Hepliaklqana.
  4237 | D:5      | Found a burning altar of Makhleb.
  4604 | D:6      | Found a staircase to the Ecumenical Temple.
  4971 | D:6      | Reached XP level 9. HP: 38/73 MP: 14/14
  5384 | D:7      | Found a basalt altar of Yredelemnul.
  5754 | Temple   | Entered the Ecumenical Temple
  5760 | Temple   | Became a worshipper of Warmaster Okawaru
  6599 | D:7      | Found a shimmering blue altar of Sif Muna.
  6890 | D:8      | Noticed a two-headed ogre
  6896 | D:8      | Demolished by a two-headed ogre

Illustrated notes

Levels and vault maps discovered:
D:1:      dpeg_arrival_round_c, layout_basic, chequers_serial_rivers_micro_c
D:2:      layout_rooms, basic_altar
D:3:      layout_basic, ebering_ecumenical_altar_abandoned
D:4:      kennysheep_slugbush, layout_basic, kennysheep_mini
D:5:      layout_loops_ring, makhleb_blood_cavern_becter,
          eat_drink_and_be_merry_uskayaw, gammafunk_temple_overflow_forgotten,
          grunt_ministairs_9, chequers_serial_rivers_large_b, uniq_pikel
D:6:      layout_basic, minmay_temple_entry_from_below_a
D:7:      layout_basic, mainiacjoe_overflow_alcove_4, tgw_sif
D:8:      layout_basic, mainiacjoe_overflow_boulevard, mainiacjoe_overflow_paths
Temple:   hellmonk_temple_of_storms

Skill      XL: |  1  2  3  4  5  6  7  8  9 |
---------------+----------------------------+-----
Invocations    | 1 2 3 4 |  4.8
Short Blades   | 1 2 3 4 |  4.3
Long Blades    | 1 2 3 4 |  4.3
Maces & Flails | 1 2 3 4 |  4.3
Polearms       | 1 2 3 4 |  4.3
Staves         | 1 2 3 4 |  4.3
Ranged Weapons | 1 2 3 4 |  4.3
Throwing       | 1 2 3 4 |  4.3
Dodging        | 1 2 3 4 |  4.3
Stealth        | 1 2 3 4 |  4.3
Unarmed Combat | 1 2 3 4 |  4.3
Spellcasting   | 1 2 3 4 |  4.3
Evocations     | 1 2 3 4 |  4.3
Conjurations   | 1 2 3 |  3.6
Hexes          | 1 2 3 |  3.6
Summonings     | 1 2 3 |  3.6
Necromancy     | 1 2 3 |  3.6
Translocations | 1 2 3 |  3.6
Transmutations | 1 2 3 |  3.6
Fire Magic     | 1 2 3 |  3.6
Ice Magic      | 1 2 3 |  3.6
Air Magic      | 1 2 3 |  3.6
Earth Magic    | 1 2 3 |  3.6
Poison Magic   | 1 2 3 |  3.6
Axes           | 5 6 |  6.4
Fighting       | 7 |  7.9
Armour         | 7 |  7.9
Shields        | 7 |  7.9

Action                   |  1- 3 |  4- 6 |  7- 9 || total
-------------------------+-------+-------+-------++-------
Melee: War axe           |    80 |    52 |   126 ||   258
       Bite              |     7 |     4 |    20 ||    31
 Fire: Sling             |     5 |    99 |    74 ||   178
  Use: Scroll            |     6 |     6 |     5 ||    17
       Potion            |       |       |     2 ||     2
Armor: Scale mail        |    27 |    31 |       ||    58
       Chain mail        |       |     4 |    62 ||    66
Dodge: Dodged            |    26 |    30 |    42 ||    98
Block: Buckler           |    16 |    11 |    45 ||    72
